 Dungeon Crawl Stone Soup version 0.25-a0-474-ga8a2ee3 (webtiles) character file.

Game seed: 5974757434624351206, levelgen mode: deterministic

45 15 the Ruffian (level 3, -4/28 HPs)
             Began as a Draconian Transmuter on Feb 7, 2020.
             Slain by a kobold
             ... wielding a +0 dagger of distortion
              (6 damage)
             ... on level 2 of the Dungeon.
             The game lasted 00:04:30 (1521 turns).

15 the Ruffian (Draconian Transmuter)               Turns: 1521, Time: 00:04:31

Health: -4/28      AC:  5    Str: 13    XL:     3   Next: 42%
Magic:  4/6        EV: 12    Int: 13    God:
Gold:   27         SH:  0    Dex: 11    Spells: 0/6 levels left

rFire    . . .     SeeInvis .     - Unarmed
rCold    . . .     Gourm    .   (no shield)
rNeg     . . .     Faith    .   (armour unavailable)
rPois    .         Spirit   .   (helmet restricted)
rElec    .         Reflect  .   (no cloak)
rCorr    .         Harm     .   (no gloves)
MR       .....                  (no boots)
Stlth    +.........             (no amulet)
HPRegen  0.09/turn              (no ring)
MPRegen  0.10/turn              (no ring)

@: appendage
A: unfitting armour, horns 2, cold-blooded, AC +5
a: End Transformation


You were on level 2 of the Dungeon.
You were not hungry.
You had grown temporary horns.
You visited 1 branch of the dungeon, and saw 2 of its levels.

You collected 27 gold pieces.

Inventory:

Missiles
 a - 11 arrows
Scrolls
 b - a scroll of fog {unknown}
 d - a scroll of noise {unknown}
Potions
 e - 2 potions of curing
Comestibles
 c - 2 rations


   Skills:
 * Level 1.4 Fighting
 * Level 2.1 Dodging
 * Level 3.8 Unarmed Combat
 * Level 2.3 Spellcasting
 * Level 2.2 Transmutations


You couldn't memorise any spells.
You knew the following spells:

 Your Spells              Type           Power        Failure   Level  Hunger
a - Beastly Appendage     Tmut           #.....       10%         1    #......
b - Sticks to Snakes      Tmut           #.......     16%         2    ###....
c - Spider Form           Tmut/Pois      #.........   43%         3    ###....

Your spell library contained the following spells:

 Spells                   Type           Power        Failure   Level  Hunger
 Ice Form                 Ice/Tmut       #.......     83%         4    #####..
 Blade Hands              Tmut           #.........   95%         5    ######.


Dungeon Overview and Level Annotations

Branches:
Dungeon (2/15)

Altars:


Innate Abilities, Weirdness & Mutations

Your plain brown scales are hard. (AC +5)
You cannot fit into any form of body armour.
You are cold-blooded and may be slowed by cold attacks.
You have a pair of horns on your head.


Message History

You hit the worm.
The worm is heavily wounded.
The giant cockroach bites you but does no damage. x2
You hit the worm.
You tail-slap the worm, but do no damage.
The worm is severely wounded.
The kobold hits you but does no damage. Space warps horribly around you!!
Ouch! That really hurt!
The worm bites you.
* * * LOW HITPOINT WARNING * * *
The giant cockroach barely misses you.
You are too injured to fight recklessly!
You are too injured to fight recklessly!
You are too injured to fight recklessly!
There is a stone staircase leading up here.
The giant cockroach barely misses you.
The kobold hits you with a +0 dagger of distortion.
* * * LOW HITPOINT WARNING * * *
Space bends around you.
You die...

#.%.......
#...).....
#.........
#/........
###.........
#...........
#.#=w.......
#..@K......#
###.s......#
#...).....#
#.........#
#.........#
..........#
############


You could see a worm, a giant cockroach and a kobold.

Vanquished Creatures
  A gnoll (D:1)
  A giant cockroach (D:1)
  4 goblins (D:1)
  3 hobgoblins (D:1)
  8 jackals (D:1)
  3 frilled lizards (D:1)
  2 kobolds (D:1)
  5 rats (D:1)
27 creatures vanquished.

Vanquished Creatures (collateral kills)
  An adder (D:2)
1 creature vanquished.

Grand Total: 28 creatures vanquished

Notes
Turn   | Place    | Note
-------+----------+-------------------------------------------
     0 | D:1      | 15 the Draconian Transmuter began the quest for the Orb.
     0 | D:1      | Reached XP level 1. HP: 16/16 MP: 3/3
   102 | D:1      | Reached XP level 2. HP: 17/23 MP: 1/5
   896 | D:1      | Reached XP level 3. HP: 28/28 MP: 6/6
  1165 | D:2      | Learned a level 2 spell: Sticks to Snakes
  1169 | D:2      | Learned a level 3 spell: Spider Form
  1521 | D:2      | Slain by a kobold

Levels and vault maps discovered:
D:1:      dpeg_arrival_arbitrary_c, layout_loops_ring
D:2:      layout_basic

Skill      XL: |  1  2  3 |
---------------+----------+-----
Dodging        | 2 |  2.1
Fighting       | |  1.4
Unarmed Combat | |  3.8
Spellcasting   | |  2.3
Transmutations | |  2.2

Action                   || total
-------------------------++-------
Melee: Unarmed           ||   113
       Tailslap          ||     3
       Punch             ||     1
       Kick              ||     9
 Cast: Beastly Appendage ||     9
       Sticks to Snakes  ||     1
  Use: Scroll            ||     2
 Stab: Sleeping          ||     1
  Eat: Chunk             ||     2
Armor: Skin              ||    48
Dodge: Dodged            ||    63

Table legend:
 A = Non-vault XP
 B = Vault XP
 C = Vault XP percentage of total XP
 D = Non-vault monster count
 E = Vault monster count
 F = Vault count percentage of total count
                 A         B        C        D         E       F
            +---------+---------+-------+---------+---------+-------
      Total |      65 |       0 |   0.0 |      28 |       0 |   0.0
            +---------+---------+-------+---------+---------+-------
        D:1 |      55 |       0 |   0.0 |      27 |       0 |   0.0
        D:2 |      10 |       0 |   0.0 |       1 |       0 |   0.0
            +---------+---------+-------+---------+---------+-------
